 Dungeon Crawl Stone Soup version 0.19-a0-1468-ge013c26 (webtiles) character file.

23 jacquesderrida the Skirmisher (level 3, 8/21 HPs)
             Began as a Vine Stalker Wanderer on Sept 7, 2016.
             Quit the game on level 2 of the Dungeon.
             The game lasted 00:02:49 (421 turns).

jacquesderrida the Skirmisher (VSWn)                 Turns: 421, Time: 00:02:49

Health: 8/21       AC:  4    Str: 14    XL:     3   Next: 0%
Magic:  4/4        EV: 10    Int: 12    God:
Gold:   44         SH:  0    Dex: 14    Spells: 0 memorised, 2 levels left

rFire  . . .     SeeInvis .     c - +0 hand crossbow
rCold  . . .     Gourm    .     j - +1 leather armour
rNeg   . . .     Faith    .     (no shield)
rPois  .         Spirit   +     (no helmet)
rElec  .         Dismiss  .     (no cloak)
rCorr  .         Reflect  .     (no gloves)
MR     .....     Harm     .     (no boots)
Stlth  +.........               (no amulet)
                                (no ring)
                                (no ring)

@: no status effects
A: fangs 2, magic shield, antimagic bite, no device heal 3, rot immunity
a: no special abilities


You were on level 2 of the Dungeon.
You were not hungry.

You visited 1 branch of the dungeon, and saw 2 of its levels.

You collected 44 gold pieces.

Inventory:

Hand Weapons
 c - a +0 hand crossbow (weapon)
Missiles
 d - 19 bolts (quivered)
Armour
 e - a +0 robe
 j - a +1 leather armour (worn)
Scrolls
 a - 3 scrolls of fear
 g - 2 scrolls of blinking {unknown}
 k - 3 scrolls of amnesia {unknown}
Potions
 b - a potion of curing
 h - a potion of lignification {unknown}
 i - a potion of resistance {unknown}
 l - a potion of flight {unknown}
Comestibles
 f - 2 bread rations
 n - a meat ration


   Skills:
 + Level 4.4 Fighting
 - Level 1.7 Crossbows
 - Level 1.0 Throwing
   Level 1.0 Shields
 - Level 2.0 Unarmed Combat


You had 2 spell levels left.
You didn't know any spells.

Dungeon Overview and Level Annotations

Branches:
Dungeon (2/15)

Altars:


Innate Abilities, Weirdness & Mutations

You have extremely sharp teeth.
When hurt, damage is shared between your health and your magic reserves.
Your bite disrupts and absorbs the magic of your enemies.
Potions and wands cannot restore your health.
You are immune to rotting.


Message History

You shoot a bolt. The bolt hits the kobold.
The kobold is moderately wounded.
The kobold barely misses you.
Firing (i - inventory):
d - 21 bolts (quivered)
Press: ? - help, Shift-Dir - straight line, f/p - kobold
Aim: a kobold, wielding a dagger (moderately wounded)
You shoot a bolt.
The bolt hits the kobold but does no damage.
The kobold is moderately wounded.
The kobold barely misses you.
Firing (i - inventory):
d - 20 bolts (quivered)
Press: ? - help, Shift-Dir - straight line, f/p - kobold
Aim: a kobold, wielding a dagger (moderately wounded)
You shoot a bolt. The bolt hits the kobold.
You kill the kobold!
You have reached level 3!
Your experience leads to an increase in your attributes!
Increase (S)trength, (I)ntelligence, or (D)exterity?
You feel agile.
Are you sure you want to abandon this character and quit the game? (Confirm with "yes".)

#....# ♣.♣.......
#.##.#####
##♣#♣.♣#♣#.#.#
#............#
#.♣#♣.♣#♣..#.#
#########.###.##.#...#.#
............♣.♣.........
####()@.....(##.#.#.#.#
+....#.#####.#.#.#.#
#....#..# #.#.# ...
#....#.... #...#....
#....#.....#.#.#....
###.##.?####........ #.#
###.###+# #.# #..†...
#......


There were no monsters in sight!

Vanquished Creatures
  An adder (D:2)
  2 giant cockroaches (D:1)
  3 goblins (D:1)
  2 hobgoblins (D:1)
  A jackal (D:1)
  A bat (D:1)
  A kobold (D:2)
  3 rats (D:1)
14 creatures vanquished.

Notes
Turn   | Place    | Note
-------+----------+-------------------------------------------
     0 | D:1      | jacquesderrida the Vine Stalker Wanderer began the quest for the Orb.
     0 | D:1      | jacquesderrida set off with: 2 scrolls of fear, a potion of curing, a +0 hand crossbow, 29 bolts, a +0 robe, a bread ration
     0 | D:1      | Reached XP level 1. HP: 12/12 MP: 2/2
   148 | D:1      | Reached skill level 4 in Fighting
   148 | D:1      | Reached XP level 2. HP: 2/17 MP: 3/3
   420 | D:2      | Reached XP level 3. HP: 8/21 MP: 4/4
   421 | D:2      | Quit the game

Vault maps used:
D:1:      scummos_arrival_gate
D:2:      serial_forest, infiniplex_forest_clump_C,
          infiniplex_forest_straight_2, infiniplex_forest_end_3,
          infiniplex_forest_lined_4_way, infiniplex_forest_lined_4_way,
          infiniplex_forest_corner_1, infiniplex_forest_straight_4,
          minmay_misc_feat_rugged

Skill      XL: |  1 |
---------------+----+-----
Fighting       | 4 |  4.4
Crossbows      | |  1.7
Throwing       | |  1.0
Shields        | |  1.0
Unarmed Combat | |  2.0

Action                   || total
-------------------------++-------
 Fire: Hand crossbow     ||    45
  Use: Scroll            ||     1
Armor: Leather armour    ||     5
       Robe              ||     2
Dodge: Dodged            ||    25
